TOP OF THE 1ST |
Billings West HS Golden Bears batting - Pitching for Santa Fe HS Chiefs : LHP Eric Knox
|
Pitching: LHP Eric Knox
|
|
Batting: RHB Dennis Garner
|
0-0: Ball 1-0: Called Strike 1-1: DOUBLE (Line Drive, 5D)
|
Batting: RHB Henry Gregory
|
0-0: Swinging Strike 0-1: Ball Throwing error on steal attempt, E2 Dennis Garner scores 1-1: Ball 2-1: Foul Ball, location: 2F 2-2: Foul Ball, location: 2F 2-2: Ball 3-2: Base on Balls
|
Batting: RHB Cole Boehmer
|
0-0: Ball 1-0: Hit by Pitch Henry Gregory to second
|
Batting: LHB Duane Lemay
|
0-0: Foul Ball, location: 2F 0-1: Ball 1-1: SINGLE (Groundball, 34) Henry Gregory to third Cole Boehmer to second
|
Batting: RHB Chris Hall
|
0-0: Called Strike 0-1: Foul Ball, location: 2F 0-2: SINGLE (Line Drive, 9S) Henry Gregory scores Cole Boehmer to third Duane Lemay to second
|
Batting: LHB Andrew Holt
|
0-0: Ball 1-0: Called Strike 1-1: Ball 2-1: Swinging Strike 2-2: Strikes out swinging
|
Batting: RHB Chase Wilkerson
|
0-0: Swinging Strike 0-1: Foul Ball, location: 2F 0-2: Ball 1-2: Ball 2-2: Foul Ball, location: 2F 2-2: Fly out, F8 (Flyball, 78S)
|
Batting: SHB Ray O'Dell
|
0-0: Ball 1-0: Ball 2-0: Ball 3-0: Called Strike 3-1: Fielders Choice at 2nd, U6 (Groundball, 6M)
|
Top of the 1st over - 2 run(s), 3 hit(s), 1 error(s), 3 left on base; Billings West HS 2 - Santa Fe HS 0 |
BOTTOM OF THE 1ST |
Santa Fe HS Chiefs batting - Pitching for Billings West HS Golden Bears : RHP Kenny Nolan
|
Pitching: RHP Kenny Nolan
|
|
Batting: LHB Derrek Robinson
|
0-0: Ball 1-0: Swinging Strike 1-1: Foul Ball, location: 2F 1-2: Strikes out looking
|
Batting: RHB Thomas Barnes
|
0-0: Ball 1-0: Called Strike 1-1: Swinging Strike 1-2: Strikes out swinging
|
Batting: SHB Oliver Riley
|
0-0: Ball 1-0: Foul Ball, location: 2F 1-1: Ball 2-1: Foul Ball, location: 2F 2-2: SINGLE (Groundball, 4MD)
|
Batting: RHB Ben Ware
|
0-0: Ball 1-0: Called Strike Oliver Riley steals 2nd base 1-1: Foul Ball, location: 2F 1-2: Fly out, F4 (Popup, 34D)
|
Bottom of the 1st over - 0 run(s), 1 hit(s), 0 error(s), 1 left on base; Billings West HS 2 - Santa Fe HS 0 |
TOP OF THE 2ND |
Billings West HS Golden Bears batting - Pitching for Santa Fe HS Chiefs : LHP Eric Knox
|
Batting: RHB Jason Nava
|
0-0: Ball 1-0: Ball 2-0: Foul Ball, location: 2F 2-1: Called Strike 2-2: Strikes out swinging
|
Batting: RHB Dennis Garner
|
0-0: Foul Ball, location: 2F 0-1: Ball 1-1: SINGLE (Groundball, 15S) (infield hit)
|
Batting: RHB Henry Gregory
|
0-0: Ball Dennis Garner is caught stealing 2nd base 1-0: Ball 2-0: Ball 3-0: Base on Balls
|
Batting: RHB Cole Boehmer
|
0-0: Swinging Strike 0-1: Ball 1-1: Called Strike 1-2: Ball 2-2: Foul Ball, location: 2F 2-2: Ball 3-2: Base on Balls Henry Gregory to second
|
Batting: LHB Duane Lemay
|
0-0: Ball 1-0: Ball 2-0: SINGLE (Groundball, 3L) Henry Gregory to third Cole Boehmer to second Runner from 3rd tries for Home, SAFE, throw made home Cole Boehmer to third Duane Lemay to second
|
Batting: RHB Chris Hall
|
0-0: Swinging Strike 0-1: Called Strike 0-2: Foul Ball, location: 2F 0-2: Strikes out looking
|
Top of the 2nd over - 1 run(s), 2 hit(s), 0 error(s), 2 left on base; Billings West HS 3 - Santa Fe HS 0 |
BOTTOM OF THE 2ND |
Santa Fe HS Chiefs batting - Pitching for Billings West HS Golden Bears : RHP Kenny Nolan
|
Batting: SHB Walton Locke
|
0-0: Foul Ball, location: 2F 0-1: DOUBLE (Groundball, 3L)
|
Batting: RHB Ron Kramer
|
0-0: Ball 1-0: Ball 2-0: Foul Ball, location: 2F 2-1: SINGLE (Groundball, 5D) Walton Locke to third
|
Batting: SHB Ernest Hood
|
0-0: Foul Ball, location: 2F 0-1: Called Strike 0-2: Fly out, F5 (Popup, 5SF)
|
Batting: RHB Brady Holland
|
0-0: Called Strike 0-1: Swinging Strike 0-2: Ball 1-2: Foul Ball, location: 2F 1-2: Hit by Pitch Ron Kramer to second
|
Batting: RHB Kevin Cochrane
|
0-0: Reached on Error, E8 (Flyball, 8LM) Walton Locke scores Ron Kramer to third Brady Holland to second
|
Batting: LHB Derrek Robinson
|
0-0: Foul Ball, location: 2F 0-1: Ball 1-1: Foul Ball, location: 2F 1-2: Ball 2-2: Ball 3-2: Base on Balls Ron Kramer scores Brady Holland to third Kevin Cochrane to second
|
Batting: RHB Thomas Barnes
|
0-0: Called Strike 0-1: Foul Ball, location: 2F 0-2: Ball 1-2: Ball 2-2: Foul Ball, location: 2F 2-2: Foul Ball, location: 2F 2-2: Ball 3-2: Foul Ball, location: 2F 3-2: Foul Ball, location: 2F 3-2: SINGLE (Line Drive, 89S) Brady Holland scores Kevin Cochrane to third Derrek Robinson to second
|
Batting: SHB Oliver Riley
|
0-0: Ball 1-0: Ball 2-0: Called Strike 2-1: Ball 3-1: Foul Ball, location: 2F 3-2: Base on Balls Kevin Cochrane scores Derrek Robinson to third Thomas Barnes to second
|
Batting: RHB Ben Ware
|
0-0: Ball 1-0: Foul Ball, location: 2F 1-1: Foul Ball, location: 2F 1-2: Foul Ball, location: 2F 1-2: Foul Ball, location: 2F 1-2: Strikes out swinging
|
Batting: SHB Walton Locke
|
0-0: Called Strike 0-1: Ball 1-1: Foul Ball, location: 2F 1-2: Ball 2-2: Ball 3-2: Base on Balls Derrek Robinson scores Thomas Barnes to third Oliver Riley to second
|
Batting: RHB Ron Kramer
|
0-0: Swinging Strike 0-1: Fly out, F9 (Flyball, 9LM)
|
Bottom of the 2nd over - 5 run(s), 3 hit(s), 1 error(s), 3 left on base; Billings West HS 3 - Santa Fe HS 5 |
TOP OF THE 3RD |
Billings West HS Golden Bears batting - Pitching for Santa Fe HS Chiefs : LHP Eric Knox
|
Batting: LHB Andrew Holt
|
0-0: Called Strike 0-1: Ball 1-1: Ground out U3 (Groundball, 3S)
|
Batting: RHB Chase Wilkerson
|
0-0: Called Strike 0-1: Ball 1-1: Ground out 6-3 (Groundball, 6)
|
Batting: SHB Ray O'Dell
|
0-0: Ball 1-0: Called Strike 1-1: Foul Ball, location: 2F 1-2: Foul Ball, location: 2F 1-2: Ball 2-2: Foul Ball, location: 2F 2-2: Ball 3-2: Fly out, F7 (Flyball, 7M)
|
Top of the 3rd over - 0 run(s), 0 hit(s), 0 error(s), 0 left on base; Billings West HS 3 - Santa Fe HS 5 |
BOTTOM OF THE 3RD |
Santa Fe HS Chiefs batting - Pitching for Billings West HS Golden Bears : RHP Kenny Nolan
|
Batting: SHB Ernest Hood
|
0-0: Ball 1-0: Ball 2-0: Swinging Strike 2-1: Ball 3-1: SINGLE (Groundball, 6MD)
|
Pitching: RHP Bob Roy
|
|
Batting: RHB Brady Holland
|
0-0: Ball 1-0: Foul Ball, location: 2F 1-1: Ball 2-1: Foul Ball, location: 2F 2-2: Ball Ernest Hood steals 2nd base 3-2: Foul Ball, location: 2F 3-2: Strikes out swinging
|
Batting: RHB Kevin Cochrane
|
0-0: Ball Ernest Hood steals 3rd base 1-0: Ball 2-0: Foul Ball, location: 2F 2-1: Ball 3-1: Foul Ball, location: 2F 3-2: Foul Ball, location: 2F 3-2: Base on Balls
|
Batting: LHB Derrek Robinson
|
0-0: Called Strike 0-1: Called Strike 0-2: SINGLE (Groundball, 56D) Ernest Hood scores Kevin Cochrane to second
|
Batting: RHB Thomas Barnes
|
0-0: Ball 1-0: Called Strike 1-1: Ball 2-1: Ball 3-1: Grounds into double play, U4-3 (Groundball, 4)
|
Bottom of the 3rd over - 1 run(s), 2 hit(s), 0 error(s), 1 left on base; Billings West HS 3 - Santa Fe HS 6 |
TOP OF THE 4TH |
Billings West HS Golden Bears batting - Pitching for Santa Fe HS Chiefs : LHP Eric Knox
|
Batting: RHB Jason Nava
|
0-0: Ball 1-0: Swinging Strike 1-1: Fly out, F7 (Flyball, 7LM)
|
Batting: RHB Dennis Garner
|
0-0: Called Strike 0-1: Ball 1-1: Ball 2-1: SINGLE (Popup, 56D)
|
Pitching: RHP Buddy Wickett
|
|
Batting: RHB Henry Gregory
|
0-0: Called Strike Dennis Garner steals 2nd base 0-1: Reached on error, E5 (Groundball, 56) Dennis Garner to third
|
Batting: RHB Cole Boehmer
|
0-0: Ball 1-0: Ball 2-0: Called Strike 2-1: Ball 3-1: Base on Balls Henry Gregory to second
|
Batting: LHB Duane Lemay
|
0-0: Ball 1-0: Called Strike 1-1: Fielders Choice at 2nd, 4-6 (Groundball, 4) Dennis Garner scores Henry Gregory to third
|
Batting: RHB Chris Hall
|
0-0: Ground out 2-3 (Groundball, 25)
|
Top of the 4th over - 1 run(s), 1 hit(s), 1 error(s), 2 left on base; Billings West HS 4 - Santa Fe HS 6 |
BOTTOM OF THE 4TH |
Santa Fe HS Chiefs batting - Pitching for Billings West HS Golden Bears : RHP Bob Roy
|
Batting: SHB Oliver Riley
|
0-0: Called Strike 0-1: Ball 1-1: Fly out, F8 (Flyball, 8RXD)
|
Batting: RHB Ben Ware
|
0-0: Foul Ball, location: 2F 0-1: Foul Ball, location: 2F 0-2: Ball 1-2: Strikes out looking
|
Batting: SHB Walton Locke
|
0-0: Foul Ball, location: 2F 0-1: Ball 1-1: Ground out 3-1 (Groundball, 34)
|
Bottom of the 4th over - 0 run(s), 0 hit(s), 0 error(s), 0 left on base; Billings West HS 4 - Santa Fe HS 6 |
TOP OF THE 5TH |
Billings West HS Golden Bears batting - Pitching for Santa Fe HS Chiefs : RHP Buddy Wickett
|
Batting: LHB Andrew Holt
|
0-0: Called Strike 0-1: Ball 1-1: Ball 2-1: Foul Ball, location: 2F 2-2: Foul Ball, location: 2F 2-2: Strikes out swinging
|
Batting: RHB Chase Wilkerson
|
0-0: Called Strike 0-1: Foul Ball, location: 2F 0-2: Ball 1-2: Strikes out swinging
|
Batting: SHB Ray O'Dell
|
0-0: Called Strike 0-1: Fly out, F5 (Popup, 5SF)
|
Top of the 5th over - 0 run(s), 0 hit(s), 0 error(s), 0 left on base; Billings West HS 4 - Santa Fe HS 6 |
BOTTOM OF THE 5TH |
Santa Fe HS Chiefs batting - Pitching for Billings West HS Golden Bears : RHP Bob Roy
|
Batting: RHB Ron Kramer
|
0-0: DOUBLE (Groundball, 5L)
|
Batting: SHB Ernest Hood
|
0-0: Ball 1-0: Ball 2-0: Foul Ball, location: 2F 2-1: Fly out, F8 (Popup, 8LS)
|
Batting: RHB Brady Holland
|
0-0: Ball Wild Pitch! Ron Kramer to third 1-0: Ball 2-0: Ball 3-0: Base on Balls
|
Batting: RHB Kevin Cochrane
|
0-0: Foul Ball, location: 2F 0-1: Fly out, F8 (Line Drive, 8LM) Runner from 3rd tags up, SCORES, throw made
|
Batting: LHB Derrek Robinson
|
0-0: Ball 1-0: Ball 2-0: Foul Ball, location: 2F 2-1: Ball Error on foul ball, E3 3-2: Fly out, F2 (Popup, 2LF)
|
Bottom of the 5th over - 1 run(s), 1 hit(s), 1 error(s), 1 left on base; Billings West HS 4 - Santa Fe HS 7 |
TOP OF THE 6TH |
Billings West HS Golden Bears batting - Pitching for Santa Fe HS Chiefs : RHP Buddy Wickett
|
Batting: RHB Jason Nava
|
0-0: Ground out 1-3 (Groundball, 15)
|
Batting: RHB Dennis Garner
|
0-0: Ball 1-0: Foul Ball, location: 2F 1-1: Ground out U3 (Groundball, 3S)
|
Batting: RHB Henry Gregory
|
0-0: Ball 1-0: Foul Ball, location: 2F 1-1: Foul Ball, location: 2F 1-2: Foul Ball, location: 2F 1-2: Ball 2-2: Foul Ball, location: 2F 2-2: Ball 3-2: Strikes out swinging
|
Top of the 6th over - 0 run(s), 0 hit(s), 0 error(s), 0 left on base; Billings West HS 4 - Santa Fe HS 7 |
BOTTOM OF THE 6TH |
Santa Fe HS Chiefs batting - Pitching for Billings West HS Golden Bears : RHP Bob Roy
|
Batting: RHB Thomas Barnes
|
0-0: Ball 1-0: Ball 2-0: Foul Ball, location: 2F 2-1: Fly out, F9 (Flyball, 9M)
|
Pitching: LHP Bill Klug
|
|
Batting: SHB Oliver Riley
|
0-0: Fly out, F9 (Flyball, 89M)
|
Batting: RHB Ben Ware
|
0-0: Ball 1-0: Called Strike 1-1: Ball 2-1: Ball 3-1: Ground out 6-3 (Groundball, 6)
|
Bottom of the 6th over - 0 run(s), 0 hit(s), 0 error(s), 0 left on base; Billings West HS 4 - Santa Fe HS 7 |
TOP OF THE 7TH |
Billings West HS Golden Bears batting - Pitching for Santa Fe HS Chiefs : RHP Buddy Wickett
|
Pitching: LHP Jake Davis
|
|
Batting: RHB Cole Boehmer
|
0-0: Ball 1-0: Foul Ball, location: 2F 1-1: Ball 2-1: Ball 3-1: Foul Ball, location: 2F 3-2: Strikes out swinging
|
Batting: LHB Duane Lemay
|
0-0: SINGLE (Line Drive, 3D)
|
Batting: RHB Chris Hall
|
0-0: Called Strike 0-1: Ball 1-1: Ball 2-1: Fly out, F9 (Flyball, 9M)
|
Batting: LHB Andrew Holt
|
0-0: Ball 1-0: Called Strike 1-1: Called Strike Duane Lemay steals 2nd base 1-2: DOUBLE (Line Drive, 7LM) Duane Lemay scores
|
Batting: RHB Chase Wilkerson
|
0-0: Swinging Strike 0-1: Ball 1-1: Called Strike 1-2: Ball 2-2: Ball 3-2: Base on Balls
|
Batting: SHB Ray O'Dell
|
0-0: Ball 1-0: SINGLE (Line Drive, 78M) Andrew Holt to third Chase Wilkerson to second Runner from 3rd tries for Home, SAFE, no throw or cutoff
|
Batting: RHB Jason Nava
|
0-0: Ball 1-0: Ball 2-0: Ball 3-0: Base on Balls Chase Wilkerson to third Ray O'Dell to second
|
Batting: RHB Dennis Garner
|
0-0: Ground out 1-3 (Groundball, 25)
|
Top of the 7th over - 2 run(s), 3 hit(s), 0 error(s), 3 left on base; Billings West HS 6 - Santa Fe HS 7 |
BOTTOM OF THE 7TH |
Santa Fe HS Chiefs batting - Pitching for Billings West HS Golden Bears : LHP Bill Klug
|
Batting: SHB Walton Locke
|
0-0: Ball 1-0: Ball 2-0: Ball 3-0: Base on Balls
|
Batting: RHB Ron Kramer
|
0-0: Bunted foul 0-1: Sac Bunt - play at first, batter OUT! 5-4 Walton Locke to second
|
Batting: SHB Ernest Hood
|
0-0: Foul Ball, location: 2F 0-1: Fly out, F7 (Flyball, 78M)
|
Batting: RHB Brady Holland
|
0-0: Ball 1-0: Fly out, F4 (Popup, 8RS)
|
Bottom of the 7th over - 0 run(s), 0 hit(s), 0 error(s), 1 left on base; Billings West HS 6 - Santa Fe HS 7 |
TOP OF THE 8TH |
Billings West HS Golden Bears batting - Pitching for Santa Fe HS Chiefs : LHP Jake Davis
|
Pitching: RHP Bob Holland
|
|
Now at SS: Carlos Gómez
|
|
Batting: RHB Henry Gregory
|
0-0: Foul Ball, location: 2F 0-1: Foul Ball, location: 2F 0-2: Strikes out swinging
|
Batting: RHB Cole Boehmer
|
0-0: Ball 1-0: Called Strike 1-1: Foul Ball, location: 2F 1-2: Strikes out swinging
|
Batting: LHB Duane Lemay
|
0-0: Ball 1-0: Foul Ball, location: 2F 1-1: Ball 2-1: SINGLE (Groundball, 34D)
|
Batting: RHB Chris Hall
|
0-0: TRIPLE (Flyball, 78M) Duane Lemay scores
|
Batting: LHB Andrew Holt
|
0-0: Ball 1-0: Called Strike 1-1: Foul Ball, location: 2F 1-2: Hit by Pitch
|
Batting: RHB Chase Wilkerson
|
0-0: Ball 1-0: Called Strike 1-1: Swinging Strike 1-2: Ball 2-2: Fly out, F9 (Flyball, 89S)
|
Top of the 8th over - 1 run(s), 2 hit(s), 0 error(s), 2 left on base; Billings West HS 7 - Santa Fe HS 7 |
BOTTOM OF THE 8TH |
Santa Fe HS Chiefs batting - Pitching for Billings West HS Golden Bears : LHP Bill Klug
|
Batting: RHB Kevin Cochrane
|
0-0: Ball 1-0: Fly out, F8 (Line Drive, 8RD)
|
Batting: LHB Derrek Robinson
|
0-0: Called Strike 0-1: Ball 1-1: Fly out, F8 (Flyball, 8RM)
|
Batting: RHB Thomas Barnes
|
0-0: Swinging Strike 0-1: Swinging Strike 0-2: Ball 1-2: SINGLE (Groundball, 4MD)
|
Batting: SHB Oliver Riley
|
0-0: Called Strike Thomas Barnes is caught stealing 2nd base
|
Bottom of the 8th over - 0 run(s), 1 hit(s), 0 error(s), 0 left on base; Billings West HS 7 - Santa Fe HS 7 |
TOP OF THE 9TH |
Billings West HS Golden Bears batting - Pitching for Santa Fe HS Chiefs : RHP Bob Holland
|
Pitching: RHP Rudy England
|
|
Batting: SHB Ray O'Dell
|
0-0: Ball 1-0: Ball 2-0: Ball 3-0: Base on Balls
|
Batting: RHB Jason Nava
|
0-0: Ball 1-0: Bunt - Flyout! F2
|
Batting: RHB Dennis Garner
|
0-0: Ball 1-0: Ball 2-0: Foul Ball, location: 2F 2-1: SINGLE (Groundball, 4M) Ray O'Dell to second Runner from 2nd tries for 3rd, SAFE, throw made to third Dennis Garner to second
|
Batting: RHB Henry Gregory
|
0-0: Ball 1-0: Fly out, F8 (Flyball, 8RM) Runner from 3rd tags up, SCORES, no throw
|
Batting: RHB Cole Boehmer
|
0-0: Called Strike 0-1: Ball 1-1: Ball 2-1: Ball 3-1: Base on Balls
|
Batting: LHB Duane Lemay
|
0-0: Ball 1-0: Ball 2-0: Called Strike 2-1: Swinging Strike 2-2: Strikes out looking
|
Top of the 9th over - 1 run(s), 1 hit(s), 0 error(s), 2 left on base; Billings West HS 8 - Santa Fe HS 7 |
BOTTOM OF THE 9TH |
Santa Fe HS Chiefs batting - Pitching for Billings West HS Golden Bears : LHP Bill Klug
|
Pitching: RHP Darrell Barnett
|
|
Batting: SHB Oliver Riley
|
0-0: Ball 1-0: SOLO HOME RUN (Flyball, 9D), Distance : 413 ft
|
Batting: RHB Ben Ware
|
0-0: Ball 1-0: Ball 2-0: Called Strike 2-1: Swinging Strike 2-2: Foul Ball, location: 2F 2-2: Ball 3-2: Strikes out swinging
|
Batting: SHB Walton Locke
|
0-0: Ball 1-0: Called Strike 1-1: Swinging Strike 1-2: Ball 2-2: Ball 3-2: Base on Balls
|
Batting: RHB Ron Kramer
|
0-0: Ball 1-0: Ball 2-0: Ball 3-0: Base on Balls Walton Locke to second
|
Batting: SHB Ernest Hood
|
0-0: Swinging Strike 0-1: Foul Ball, location: 2F 0-2: Foul Ball, location: 2F 0-2: Ball 1-2: SINGLE (Groundball, 56) Walton Locke to third Ron Kramer to second Throwing error, E7 Walton Locke scores
|
|